 Dungeon Crawl Stone Soup version 0.27-a0-1083-gcf8293e1eb (webtiles) character file.

Game seed: 17492670436873733618

32 EnegeticOcto the Magician (level 3, 3/27 HPs)
             Began as a Djinni Air Elementalist on Apr 26, 2021.
             Was a Plaything of Xom.
             Quit the game on level 3 of the Dungeon.
             The game lasted 00:03:05 (449 turns).

EnegeticOcto the Magician (Djinni Air Elementalist)  Turns: 449, Time: 00:03:05

Health: 3/27       AC:  3    Str:  7    XL:     3   Next: 25%
Gold:   52         EV: 12    Int: 23    God:    Xom [..*...] SH:  0 Dex: 13

rFire    + + .     SeeInvis .   c - +4 dagger
rCold    x . .     Faith    .   (no shield)
rNeg     . . .     Spirit   .   a - +0 robe
rPois    ∞         Reflect  .   (no helmet)
rElec    .         Harm     .   (no cloak)
rCorr    .         Rampage  .   i - +0 pair of gloves
Will     .....                  (boots unavailable)
Stlth    ++........             (no amulet)
HPRegen  0.09/turn              b - +6 ring of intelligence
MPRegen  0.00/turn              (no ring)

@: flying
A: fire resistance 2, cold vulnerability 1, float, innate caster, hp casting,
extra vitality 1
a: Renounce Religion


You were on level 3 of the Dungeon.
You worshipped Xom.
You were a toy of Xom.
You visited 1 branch of the dungeon, and saw 3 of its levels.

You collected 52 gold pieces.

Inventory:

Hand Weapons
 c - a +4 dagger (weapon)
   (You took it off a kobold on level 3 of the Dungeon)
 h - a +0 short sword
   (You took it off a kobold on level 2 of the Dungeon)
Missiles
 j - 10 poisoned darts
Armour
 a - a +0 robe (worn)
 i - a +0 pair of gloves (worn)
   (You found it on level 2 of the Dungeon)
Jewellery
 b - a +6 ring of intelligence (left hand)
   (You found it on level 1 of the Dungeon)
Wands
 k - a wand of iceblast (5) {@v2}
   (You found it on level 3 of the Dungeon)
Potions
 f - 2 potions of haste {@q4 !q}


   Skills:
 + Level 1.2 Fighting
 - Level 2.1 Dodging
 - Level 1.5 Stealth
 + Level 3.4 Spellcasting


You couldn't memorise any spells.
You knew the following spells:

 Your Spells              Type           Power      Damage    Failure   Level
a - Shock                 Conj/Air       76%        1d7       2%          1
b - Static Discharge      Conj/Air       19%        N/A       4%          2
c - Airstrike             Air            9%         N/A       26%         4
d - Lightning Bolt        Conj/Air       9%         1d22      58%         5
e - Animate Skeleton      Necr           38%        N/A       2%          1
V - Swiftness             Air            19%        N/A       9%          3
Your spell library was empty.

Dungeon Overview and Level Annotations

Branches:
Dungeon (3/15)

Altars:
Xom

Shops:
D:3 [


Innate Abilities, Weirdness & Mutations

You are immune to poison.
Your flesh is very heat resistant. (rF++)
You are vulnerable to cold. (rC-)
You float through the air rather than walking.
You learn spells naturally, not from books.
Your magical power is your life essence.
You have superior vitality. (+4 HP)


Message History

You hit the dart slug.
The dart slug is severely wounded.
You hit the dart slug.
You kill the dart slug!
You hit the quokka.
The quokka is lightly wounded.
The quokka closely misses you.
You hit the quokka.
You kill the quokka!
You now have 37 gold pieces (gained 10).
You now have 42 gold pieces (gained 5).
There is a stone staircase leading up here.
An adder comes into view.
The adder closely misses you.
You hit the adder but do no damage. The adder bites you but does no damage.
Casting: Shock (safe; 3% risk of failure)
Confirm with . or Enter, or press ? or * to list all spells.
The adder is struck by an arc of lightning!
The adder is severely wounded.
You are struck by an arc of lightning.
* * * LOW HITPOINT WARNING * * *
The lightning grounds out.
* * * LOW HITPOINT WARNING * * *
The adder closely misses you.
Casting: Static Discharge (safe; 4% risk of failure)
Confirm with . or Enter, or press ? or * to list all spells.
The adder is struck by an arc of lightning!
You kill the adder!
You are struck by an arc of lightning.
* * * LOW HITPOINT WARNING * * *
The lightning grounds out.
* * * LOW HITPOINT WARNING * * *
Your Fighting skill increases to level 1!
You have reached level 3!
Your experience leads to an increase in your attributes!
Your base attributes are Str 7, Int 16, Dex 13.
Increase (s)trength, (i)ntelligence, or (d)exterity?
You feel clever.
The power to cast Animate Skeleton wells up from within.
Spell assigned to 'e'.
Found 11 poisoned darts.
Found a stone staircase leading up.
There is a stone staircase leading up here.
You fly upwards.
Found 10 gold pieces.
There is a stone staircase leading down here.
You now have 52 gold pieces (gained 10).
As you open the door, it creaks loudly!
You hear a shout!
There is an open door here.
You reach down and open the door.
There is an open door here.
There is an open door here.
(D) Dungeon
Where to? (Enter - D:3, ? - help)
There is a stone staircase leading down here.
You fly downwards.
There is a stone staircase leading up here.
Found a fuming golden potion.
f - 2 fuming golden potions (gained 1)
You reach down and open the door.
Found Neniuniu's Antique Armour Shop.
There is an open door here.
There is an entrance to Neniuniu's Antique Armour Shop here.
You reach down and open the door.
Found a sharpened copper wand.
There is an open door here.
A quokka comes into view.
Found 19 sling bullets.
You see here a wand of iceblast (5) {@v2}.
k - a wand of iceblast (5) {@v2}
Found a scroll labelled VUGIMA KONI.
Casting: Static Discharge (safe; 4% risk of failure)
Confirm with . or Enter, or press ? or * to list all spells.
The quokka is struck by an arc of lightning.
The quokka is heavily wounded.
You are struck by an arc of lightning.
* * * LOW HITPOINT WARNING * * *
The lightning grounds out.
* * * LOW HITPOINT WARNING * * *
The quokka bites you.
* * * LOW HITPOINT WARNING * * *
You hit the quokka.
You kill the quokka!
l - a scroll labelled VUGIMA KONI
As you read the scroll labelled VUGIMA KONI, it crumbles to dust.
You hear a loud clanging noise!
It was a scroll of noise.
You hear a bark!
You hear a shout!
As you read the scroll labelled AXUUSHRO ZEOPOS, it crumbles to dust.
The scroll dissolves into smoke.
It was a scroll of fog.
As you read the scroll labelled GIRIOT AGAD, it crumbles to dust.
It is a scroll of identify.
f - 2 potions of haste Blink to where?
Press: ? - help, Dir - move target, f - you Are you sure you want to cancel this blink?
Okay, then.
As you read the scroll labelled EKOIJUNNIU, it crumbles to dust.
It was a scroll of blinking.
Are you sure you want to abandon this character and quit the game? (Confirm with "yes".)

####*************
#..,,,,,,,,,,<,,*
#.#************,*
#####.###### *,*
(..r.#†....########,*
+#.##.####....§§@§#,*
∩'.####
########§#,*************
'### *§#,,,,,,,,,,,,,,
.#####*
*.#*************,
......# *.# *,,,,,****,
#####.# *.# *,***,,,,,*
*,* *.# *,* *****,,
**,** *.# *,* ***
***,,,***** *,* *,* *,


There were no monsters in sight!

Vanquished Creatures
  An adder (D:3)
  3 dart slugs
  2 bats (D:2)
  2 goblins (D:1)
  A hobgoblin (D:1)
  2 quokkas (D:3)
  A frilled lizard (D:2)
  3 kobolds
  A rat (D:1)
16 creatures vanquished.

Notes
Turn   | Place    | Note
-------+----------+-------------------------------------------
     0 | D:1      | EnegeticOcto the Djinni Air Elementalist began the quest
                  | for the Orb.
     0 | D:1      | Reached XP level 1. HP: 15/15 MP: 0/0
   121 | D:1      | Reached skill level 3 in Spellcasting
   183 | D:2      | Reached XP level 2. HP: 12/21 MP: 0/0
   222 | D:2      | Found a faded altar of an unknown god.
   230 | D:2      | Became a worshipper of Xom of Chaos
   366 | D:3      | HP: 1/22 [/static electricity (1)]
   367 | D:3      | Reached skill level 1 in Fighting
   367 | D:3      | Reached XP level 3. HP: 2/27 MP: 0/0
   367 | D:3      | Learned a level 1 spell: Animate Skeleton
   421 | D:3      | Found Neniuniu's Antique Armour Shop.
   449 | D:3      | Quit the game

Illustrated notes

Levels and vault maps discovered:
D:1:      matt_arrival_diagonals, layout_basic
D:2:      layout_basic, ebering_ecumenical_altar_sacrificial
D:3:      layout_loops_ring, lemuel_crystal_altar, serial_shops,
          nicolae_shop_behind_doors, uniq_sigmund

Skill      XL: |  1  2 |
---------------+-------+-----
Spellcasting   | 3 |  3.4
Fighting       | 1 |  1.2
Dodging        | |  2.1
Stealth        | |  1.5

Action                   || total
-------------------------++-------
Melee: Dagger            ||     6
 Cast: Shock             ||    20
       Static Discharge  ||     3
  Use: Scroll            ||     5
Armor: Robe              ||     1
Dodge: Dodged            ||     6

Table legend: (Time is in decaauts)
 A = Elapsed time spent in this place.
 B = Non-inter-level travel time spent in this place.
 C = Inter-level travel time spent in this place.
 D = Time resting spent in this place.
 E = Time spent auto-exploring this place.
 F = Levels seen in this place.
 G = Mean time per level.
                   A        B        C        D        E       F      G
               +--------+--------+--------+--------+--------+-----+--------+
         Total |    448 |    435 |     13 |      0 |      0 |   3 |  149.3 |
       Dungeon |    448 |    435 |     13 |      0 |      0 |   3 |  149.3 |
               +--------+--------+--------+--------+--------+-----+--------+

Top non-repeatable levels by time:
     D:2: 214 daAuts
     D:1: 132 daAuts
     D:3: 100 daAuts
